 Dungeon Crawl Stone Soup version 0.30-a0-937-ga0a21ad780 (webtiles) character file.

Game seed: 13737358930645777207

3 cforsyth the Caller (level 1, 16/16 HPs)
             Began as an Ogre Summoner on Mar 24, 2023.
             Quit the game on level 1 of the Dungeon.
             The game lasted 00:00:12 (185 turns).

cforsyth the Caller (Ogre Summoner)                  Turns: 185, Time: 00:00:13

Health: 16/16      AC:  3    Str: 11    XL:     1   Next: 50%
Magic:  2/4        EV:  9    Int: 16    God:
Gold:   30         SH:  0    Dex:  9    Spells: 4/5 levels left

rFire   . . .      SeeInvis .    (no weapon)
rCold   . . .      Faith    .    (no shield)
rNeg    . . .      Spirit   .    a - +0 robe
rPois   .          Reflect  .    (helmet restricted)
rElec   .          Rampage  .    (no cloak)
rCorr   .                        (gloves unavailable)
Will    .....                    (boots unavailable)
Stlth   +                        (no amulet)
HPRegen 0.22/turn                (no ring)
MPRegen 0.09/turn                (no ring)

@: no status effects
A: large, unfitting armour, tough skin 1
a: no special abilities


You were on level 1 of the Dungeon.
You visited 1 branch of the dungeon, and saw 1 of its levels.

You collected 30 gold pieces.

Inventory:

Armour
 a - a +0 robe (worn)
Potions
 b - a potion of magic


   Skills:
 + Level 1.8 Dodging
 + Level 1.4 Stealth
 + Level 2.5 Spellcasting
 + Level 3.6 Summonings


You had 4 spell levels left.
You knew the following spells:

 Your Spells              Type           Power      Damage    Failure   Level
a - Summon Small Mammal   Summ           52%        N/A       4%          1

Your spell library contained the following spells:

 Spells                   Type           Power      Damage    Failure   Level
 Call Imp                 Summ           13%        N/A       7%          2
 Call Canine Familiar     Summ           13%        N/A       13%         3
 Summon Guardian Golem    Hex/Summ       7%         N/A       28%         3
 Summon Lightning Spire   Summ/Air       7%         N/A       67%         4


Dungeon Overview and Level Annotations

Branches:
Dungeon (1/15)

Altars:


Innate Abilities, Weirdness & Mutations

You are too large for most types of armour.
You have tough skin. (AC +1)


Message History

The ball python barely misses you. The ball python bites you.
You hit the ball python.
The ball python is severely wounded.
The ball python bites you but does no damage.
You barely miss the ball python.
The ball python is severely wounded.
The ball python closely misses you.
You hit the ball python.
You kill the ball python!
Magic restored.
Your quokka disappears in a puff of smoke!
HP restored.
You now have 30 gold pieces (gained 12).
Your bat disappears in a puff of smoke!
A rat comes into view.
A rat is nearby!
A rat is nearby!
A rat is nearby!
A rat is nearby!
Your bat barely misses the rat.
The rat bites your bat but does no damage.
The rat misses your bat.
Your bat hits the rat but does no damage.
Your bat hits the rat.
Your rat bites the rat.
The rat dies!
Your bat disappears in a puff of smoke!
Found a chain mail.
An endoplasm comes into view.
Your rat disappears in a puff of smoke!
An endoplasm is nearby!
An endoplasm is nearby!
An endoplasm is nearby!
An endoplasm is nearby!
The endoplasm quivers.
Something closely misses your quokka.
Your quokka barely misses the endoplasm.
The endoplasm hits your rat.
Your quokka bites the endoplasm.
Your rat bites the endoplasm.
The endoplasm dies!
Are you sure you want to abandon this character and quit the game? (Confirm with "yes".)

..> #.#.#...#...#.#..
..#......#....#...#.<.#.
..#.. .#.#.#.#.#.......#
....!....#.##...#.....#.
.........#.....#...#..
...#....#.....##.#.#.
#...#..#....#..#...#
#.#..rr..#...#....#...
#.#.#@...#..#.........
#.#......#.#..........
#.###.##.##...........
.####...#.# .########.####
..........##..............
###....##...[.)..........
#....##.#############..
#.......#......######..
#.......#...##......###


You could see a friendly quokka (summoned) and a friendly rat (summoned).

Vanquished Creatures
  A ball python (D:1)
1 creature vanquished.

Vanquished Creatures (collateral kills)
  An endoplasm (D:1)
  A rat (D:1)
2 creatures vanquished.

Grand Total: 3 creatures vanquished

Notes
Turn   | Place    | Note
-------+----------+-------------------------------------------
     0 | D:1      | cforsyth the Ogre Summoner began the quest for the Orb.
     0 | D:1      | Reached XP level 1. HP: 16/16 MP: 3/3
    64 | D:1      | Found a faded altar of an unknown god.
   185 | D:1      | Quit the game

Illustrated notes

Levels and vault maps discovered:
D:1:      matt_arrival_diagonals, layout_basic, basic_ecumenical_altar,
          chequers_serial_rivers_large_a, chequers_arboretum, st_stairs_3,
          hangedman_decor_push, minmay_tromino_v4_c

Action                     || total
---------------------------++-------
  Melee: Unarmed           ||     8
   Cast: Summon Small Mamm ||     6
 Armour: Robe              ||     1
  Dodge: Dodged            ||     3

Table legend: (Time is in decaauts)
 A = Elapsed time spent in this place.
 B = Non-inter-level travel time spent in this place.
 C = Inter-level travel time spent in this place.
 D = Time resting spent in this place.
 E = Time spent auto-exploring this place.
 F = Levels seen in this place.
 G = Mean time per level.
                   A        B        C        D        E       F      G
               +--------+--------+--------+--------+--------+-----+--------+
         Total |    185 |    185 |      0 |      0 |    138 |   1 |  185.0 |
       Dungeon |    185 |    185 |      0 |      0 |    138 |   1 |  185.0 |
               +--------+--------+--------+--------+--------+-----+--------+

Top non-repeatable levels by time:
     D:1: 185 daAuts
